 Dungeon Crawl Stone Soup version 0.30-a0-42-g806c11bf1d (webtiles) character file.

Game seed: 6600781747880572598

1121 Newt the Poker (level 8, -1/60 HPs)
             Began as a Demonspawn Gladiator on Aug 30, 2022.
             Was an Initiate of Hepliaklqana.
             Killed from afar by a steam dragon (21 damage)
             ... with a ball of steam
             ... on level 5 of the Dungeon.
             The game lasted 00:08:37 (6757 turns).

Newt the Poker (Demonspawn Gladiator)               Turns: 6757, Time: 00:08:38

Health: -1/60      AC:  8    Str: 20    XL:     8   Next: 12%
Magic:  8/8        EV: 11    Int:  9    God:    Hepliaklqana [......]
Gold:   240        SH:  0    Dex: 14    Spells: 7/7 levels left

rFire   . . .      SeeInvis +    A - +0 demon trident (vamp)
rCold   . . .      Faith    .    (no shield)
rNeg    . . .      Spirit   .    h - +1 scale mail
rPois   .          Reflect  .    (helmet unavailable)
rElec   .          Harm     .    (no cloak)
rCorr   .          Rampage  .    (no gloves)
Will    .....                    (no boots)
Stlth   +.........               (no amulet)
HPRegen 0.20/turn                (no ring)
MPRegen 0.11/turn                (no ring)

@: no status effects
A: antennae 3, hooves 2, powered by pain 1, strong 1, wild magic 1
a: Renounce Religion


You were on level 5 of the Dungeon.
You worshipped Hepliaklqana.
Hepliaklqana was noncommittal.
You visited 1 branch of the dungeon, and saw 5 of its levels.
You also visited: Sewer.

You collected 314 gold pieces.
You spent 74 gold pieces at shops.

Inventory:

Hand Weapons
 a - a +1 rapier
 k - a +2 vorpal spear
 A - a +0 vampiric demon trident (weapon)
Missiles
 d - 3 throwing nets (quivered)
 e - a javelin
 j - 13 poisoned darts
Armour
 b - a +0 leather armour
 c - a +0 helmet
 h - a +1 scale mail (worn)
Jewellery
 q - a ring of wizardry
 s - a ring of wizardry
 v - a ring of ice
 x - a +6 ring of strength
Wands
 n - a wand of paralysis (12)
 y - a wand of flame (10)
Scrolls
 f - a scroll of amnesia
 m - 2 scrolls of teleportation
 u - a scroll of enchant armour
 z - 2 scrolls of fear
Potions
 g - 2 potions of mutation
 i - a potion of berserk rage
 l - a potion of lignification
 o - a potion of curing
 p - 2 potions of degeneration
 r - 8 potions of flight
 t - a potion of might
 w - a potion of cancellation


   Skills:
 - Level 4.0 Fighting
 - Level 2.6 Short Blades
 - Level 6.0 Polearms
 - Level 1.7 Throwing
 + Level 3.7 Armour
 - Level 4.0 Dodging
 - Level 2.0 Stealth


You had 7 spell levels left.
You didn't know any spells.
Your spell library contained the following spells:

 Spells                   Type           Power      Damage    Failure   Level
 Foxfire                  Conj/Fire      0%         2x1d4     82%         1
 Scorch                   Fire           0%         2d5       90%         2
 Static Discharge         Conj/Air       0%         3-3/arc   90%         2
 Conjure Flame            Conj/Fire      0%         6-21      99%         3
 Inner Flame              Hex/Fire       0%         N/A       99%         3
 Flame Wave               Conj/Fire      0%         2d4       100%        4
 Hailstorm                Conj/Ice       0%         3d3       100%        4
 Ice Form                 Ice/Tmut       0%         N/A       100%        4
 Lightning Bolt           Conj/Air       0%         1d11      100%        5
 Simulacrum               Ice/Necr       0%         N/A       100%        6
 Summon Cactus Giant      Summ           0%         N/A       100%        6
 Maxwell's Capacitive Co  Air            0%         ∞         100%        8


Dungeon Overview and Level Annotations

Branches:
Dungeon (5/15)              Sewer (visited)
 Temple: D:4-7

Altars:
Dithmenos
Hepliaklqana
Uskayaw
Vehumet

Shops:
D:3 *   D:4 *


Innate Abilities, Weirdness & Mutations

You have a pair of large antennae on your head. (SInv)
You have hoof-like feet.
You sometimes gain a little power by taking damage.
Your muscles are strong. (Str +4, Int/Dex -1)
Your spells are a little harder to cast, but a little more powerful.


Message History

You puncture the shadow imp!
You kill the shadow imp!
You reach to attack!
You barely miss the steam dragon. The steam dragon breathes steam at you.
The ball of steam hits you!
You reach to attack!
You closely miss the steam dragon.
You are engulfed in a cloud of scalding steam.
You completely miss the steam dragon.
You are engulfed in a cloud of scalding steam.
The steam dragon barely misses you.
The steam dragon claws you but does no damage.
You are too injured to fight recklessly!
Unknown command.
You hit the steam dragon but do no damage.
You kick the steam dragon.
The steam dragon is lightly wounded.
The steam dragon bites you. The steam dragon claws you.
You closely miss the steam dragon.
You kick the steam dragon, but do no damage.
The steam dragon is lightly wounded.
The steam dragon bites you but does no damage.
The steam dragon claws you.
You hit the steam dragon.
You feel better.
The steam dragon is moderately wounded.
The steam dragon bites you. The steam dragon misses you.
You hit the steam dragon. You kick the steam dragon.
The steam dragon is heavily wounded.
The steam dragon barely misses you. The steam dragon claws you.
You hit the steam dragon.
You feel better.
The steam dragon is heavily wounded.
The steam dragon bites you.
The steam dragon claws you but does no damage.
You completely miss the steam dragon. Your kick misses the steam dragon.
The steam dragon is heavily wounded.
The steam dragon barely misses you. x2
You closely miss the steam dragon.
The steam dragon is heavily wounded.
The steam dragon breathes steam at you. The ball of steam hits you!!
You die...

#.# *.# #.###.#* *.#
**,***######.##†#.##
*.#
*,,,,,.........###.#
*,*
**,****###......#.##
*,* *** #.......#* *,*
#.....#.# *,*
##..>..#[# *,*
#.>..###.# *,*
*#.#.@#**,# *,*
#....D....# *,*
#..#..#####
*,*********#..#..#
*,,,,,,,,,...,#..#*
****,,,,,...,,#...****
*,****###**#...,,,*
*,* #...*,,* *,*
**,,,*,*


You could see a steam dragon (catching breath).

Vanquished Creatures
  2 black bears
  3 ogres
  2 scorpions
  A hound (D:4)
  A jelly (D:5)
  An orc priest (D:4)
  A gnoll bouda (D:4)
  2 iguanas (D:5)
  3 orc wizards (D:4)
  4 gnolls
  4 river rats (Sewer)
  10 adders
  A shadow imp (D:5)
  An ufetubus (D:5)
  5 worms
  5 dart slugs (D:1)
  6 orcs
  15 ball pythons
  7 endoplasms
  6 giant cockroaches
  14 goblins
  8 hobgoblins
  10 jackals
  4 kobolds
  5 quokkas
  12 bats
  6 frilled lizards
  10 rats
149 creatures vanquished.

Notes
Turn   | Place    | Note
-------+----------+-------------------------------------------
     0 | D:1      | Newt the Demonspawn Gladiator began the quest for the Orb.
     0 | D:1      | Reached XP level 1. HP: 16/16 MP: 1/1
   140 | D:1      | Reached skill level 1 in Stealth
   303 | D:1      | Discovered your monstrous ancestry.
   303 | D:1      | Gained mutation: You have a pair of small antennae on your
                  | head. [demonic ancestry]
   303 | D:1      | Reached XP level 2. HP: 11/22 MP: 2/2
   478 | D:1      | HP: 1/22 [frozen (3)]
  1057 | D:1      | Gained mutation: You have a pair of antennae on your head.
                  | [demonic ancestry]
  1057 | D:1      | Reached XP level 3. HP: 21/28 MP: 3/3
  2226 | D:2      | Gained mutation: You sometimes gain a little power by
                  | taking damage. [demonic ancestry]
  2226 | D:2      | Reached XP level 4. HP: 37/37 MP: 4/4
  2670 | D:2      | Identified the +8 hand axe of Mesuecel {holy, Dex+3}
  2735 | D:3      | Found Vogeogaxepn's Assorted Antiques.
  2754 | D:3      | Bought a scroll labelled GEIKKI BUBBOA for 19 gold pieces
  2754 | D:3      | Bought a scroll labelled MAGEUQ PEENWO for 19 gold pieces
  2754 | D:3      | Bought a scroll labelled GACEOTHR FOGOEL for 19 gold pieces
  2754 | D:3      | Bought an amethyst potion for 17 gold pieces
  2871 | D:3      | Gained mutation: Your spells are a little harder to cast,
                  | but a little more powerful. [potion of mutation]
  2871 | D:3      | Gained mutation: Your muscles are strong. (Str +4, Int/Dex
                  | -1) [potion of mutation]
  2871 | D:3      | Gained mutation: You have a pair of large antennae on your
                  | head. (SInv) [potion of mutation]
  2968 | D:3      | Found a faded altar of an unknown god.
  3293 | D:3      | Reached skill level 1 in Polearms
  3360 | D:3      | Found a radiant altar of Vehumet.
  3362 | D:3      | Found a hide-covered altar of Uskayaw.
  3672 | D:4      | Noticed a black bear
  3681 | D:4      | Noticed an ogre
  3932 | D:4      | Killed a black bear
  3933 | D:4      | Reached skill level 3 in Polearms
  3933 | D:4      | Gained mutation: You have large cloven feet. [demonic
                  | ancestry]
  3933 | D:4      | Reached XP level 5. HP: 16/42 MP: 5/5
  4042 | D:4      | Killed an ogre
  4043 | D:4      | Reached skill level 4 in Polearms
  4043 | D:4      | Reached XP level 6. HP: 36/48 MP: 6/6
  4359 | D:4      | Reached skill level 5 in Polearms
  4374 | D:4      | Mutation became permanent: You have a pair of antennae on
                  | your head. [demonic ancestry]
  4374 | D:4      | Gained mutation: You have a pair of large antennae on your
                  | head. (SInv) [demonic ancestry]
  4374 | D:4      | Reached XP level 7. HP: 41/54 MP: 7/7
  4621 | D:4      | Found a shadowy altar of Dithmenos.
  4653 | D:4      | Found a hazy altar of Hepliaklqana.
  4707 | D:4      | Found Ysuobbug's Overcharged Wands.
  4722 | D:4      | Reached skill level 6 in Polearms
  4984 | D:4      | Became a worshipper of Hepliaklqana the Forgotten
  5013 | D:5      | Entered Level 5 of the Dungeon
  5336 | D:5      | Reached skill level 1 in Armour
  5338 | D:5      | Found a glowing drain.
  5348 | Sewer    | Entered a sewer
  6718 | D:5      | Gained mutation: You have hoof-like feet. [demonic
                  | ancestry]
  6718 | D:5      | Reached XP level 8. HP: 47/60 MP: 8/8
  6757 | D:5      | Killed from afar by a steam dragon

Illustrated notes

Levels and vault maps discovered:
D:1:      dpeg_arrival_short_road, layout_basic, chequers_mini_garden,
          chequers_arboretum
D:2:      layout_rooms, cheibrodos_gnoll_hut
D:3:      cheibrodos_greedy_goblins, layout_basic, grunt_temple_overflow_open,
          ebering_ecumenical_altar_mist, serial_shops, shop
D:4:      layout_rooms, worldfamousw_hep_ancestral_shrine,
          mainiacjoe_overflow_small_starburst, chequers_serial_rivers_small_3,
          nicolae_shop_overcharged_wands
D:5:      layout_loops_ring, portal_sewer_entry_d, uniq_pikel

Skill      XL: |  1  2  3  4  5  6  7 |
---------------+----------------------+-----
Stealth        | 1 2 |  2.0
Fighting       | 3 4 |  4.0
Polearms       | 3 4 5 6 |  6.0
Dodging        | 4 |  4.0
Armour         | 3 |  3.7
Short Blades   | |  2.6
Throwing       | |  1.7

Action                   |  1- 3 |  4- 6 |  7- 9 || total
-------------------------+-------+-------+-------++-------
Melee: Rapier            |   139 |     1 |       ||   140
       Punch             |     3 |     1 |     5 ||     9
       Spear             |       |   179 |   228 ||   407
       Kick              |       |     8 |    46 ||    54
       Demon trident     |       |       |    15 ||    15
Throw: Throwing net      |     4 |       |     3 ||     7
       Dart              |       |     2 |       ||     2
  Use: Scroll            |     4 |     9 |     9 ||    22
       Potion            |     1 |     1 |       ||     2
 Stab: Held in net/web   |       |       |     1 ||     1
Armor: Leather armour    |     5 |       |       ||     5
       Scale mail        |    68 |    50 |    93 ||   211
Dodge: Dodged            |   113 |    83 |   114 ||   310

Table legend: (Time is in decaauts)
 A = Elapsed time spent in this place.
 B = Non-inter-level travel time spent in this place.
 C = Inter-level travel time spent in this place.
 D = Time resting spent in this place.
 E = Time spent auto-exploring this place.
 F = Levels seen in this place.
 G = Mean time per level.
                   A        B        C        D        E       F      G
               +--------+--------+--------+--------+--------+-----+--------+
         Total |   6896 |   6764 |    132 |   2029 |   3616 |   6 | 1149.3 |
       Dungeon |   5444 |   5312 |    132 |   1575 |   2858 |   5 | 1088.8 |
         Sewer |   1452 |   1452 |      0 |    454 |    758 |   1 | 1452.0 |
               +--------+--------+--------+--------+--------+-----+--------+

Top non-repeatable levels by time:
     D:1: 2006 daAuts
   Sewer: 1452 daAuts
     D:4: 1207 daAuts
     D:3: 1105 daAuts
     D:2: 706 daAuts
     D:5: 418 daAuts
